 Dungeon Crawl Stone Soup version 0.32-a0-931-g5a2cda0630 (console) character file.

Game seed: 1925860127901105164

24012 ShinQuickMan the Destroyer (level 13, -3/91 HPs)
             Began as a Human Conjurer on Apr 13, 2024.
             Was an Elder of the Shining One.
             Killed from afar by an ice dragon (17 damage)
             ... with a blast of cold
             ... on level 2 of the Lair of Beasts.
             The game lasted 00:46:35 (11839 turns).

ShinQuickMan the Destroyer (Human Conjurer)        Turns: 11839, Time: 00:46:36

Health: -3/91      AC:  7    Str:  8    XL:     13   Next: 10%
Magic:  5/27       EV: 16    Int: 29    God:    the Shining One [****..]
Gold:   906        SH:  5    Dex: 12    Spells: 15/32 levels left

rFire   . . .        K - staff of cold
rCold   + . .        I - orb {*channel}
rNeg    + + .        a - +0 robe
rPois   .            R - +2 hat
rElec   .            w - +0 cloak
rCorr   .            f - +0 pair of gloves
SInv    .            j - +0 pair of boots
Will    .....        O - amulet of reflection
Stlth   +            n - +5 ring of evasion
HPRegen 0.35/turn    l - +6 ring of intelligence
MPRegen 0.20/turn

%: reflection, channel magic (20%)
@: lethally poisoned (-3 -> -5), glowing, studying Dodging
A: explore regen
a: Renounce Religion, Divine Shield, Cleansing Flame


You were on level 2 of the Lair of Beasts.
You worshipped the Shining One.
The Shining One was greatly pleased with you.
You visited 3 branches of the dungeon, and saw 15 of its levels.

You collected 906 gold pieces.

Inventory:

Hand Weapons
 c - a +0 spear
 r - a +1 flail of holy wrath
Missiles
 e - 22 poisoned darts
Armour
 a - a +0 robe (worn)
 f - a +0 pair of gloves (worn)
 j - a +0 pair of boots (worn)
 w - a +0 cloak (worn)
 I - an orb of energy (worn)
 R - a +2 hat (worn)
Magical Staves
 A - a staff of conjuration
 H - a staff of earth
 K - a staff of cold (weapon)
Jewellery
 k - a ring of willpower
 l - a +6 ring of intelligence (right hand)
 n - a +5 ring of evasion (left hand)
 p - a ring of resist corrosion
 t - a ring of see invisible
 D - a ring of flight
 M - a ring of willpower
 O - an amulet of reflection (around neck)
 S - an amulet of faith
Wands
 d - a wand of acid (10)
 q - a wand of digging (19)
 x - a wand of roots (12)
 V - a wand of flame (13)
Scrolls
 g - 2 scrolls of enchant armour
 m - a scroll of poison
 v - 4 scrolls of fear
 y - 3 scrolls of blinking
 B - 2 scrolls of summoning {unknown}
 C - 2 scrolls of immolation
 E - a scroll of enchant weapon {unknown}
 F - 5 scrolls of teleportation
 P - 2 scrolls of identify
 T - 2 scrolls of amnesia {unknown}
 X - 3 scrolls of revelation
Potions
 b - a potion of magic
 h - 2 potions of berserk rage {unknown}
 i - 4 potions of enlightenment {unknown}
 o - 2 potions of haste {unknown}
 s - 5 potions of brilliance {unknown}
 u - 5 potions of lignification {unknown}
 z - a potion of might {unknown}
 G - a potion of ambrosia {unknown}
 J - 2 potions of curing {unknown}
 L - 3 potions of mutation {unknown}
 N - 2 potions of attraction {unknown}
 U - a potion of heal wounds {unknown}
Miscellaneous
 Z - a tin of tremorstones (2/2)


   Skills:
 - Level 5.0 Fighting
 - Level 2.0 Dodging
 - Level 2.0 Stealth
 - Level 10.0 Spellcasting
 - Level 13.0 Conjurations
 - Level 4.0 Translocations
 + Level 6.3 Air Magic
 - Level 3.0 Earth Magic
 - Level 4.0 Alchemy
 + Level 11.0 Invocations


You had 15 spell levels left.
You knew the following spells:

 Your Spells              Type           Power      Damage    Failure   Level
a - Magic Dart            Conj           100%       1d8       1%          1
b - Searing Ray           Conj           100%       2d8       1%          2
c - Fulminant Prism       Conj/Alch      29%        3d14      5%          4
d - Iskenderun's Mystic   Conj/Tloc      59%        2d12      (+2d65%     4
e - Stone Arrow           Conj/Erth      100%       3d13      3%          3
f - Mephitic Cloud        Conj/Alch/Air  56%        N/A       3%          3

Your spell library contained the following spells:

 Spells                   Type           Power      Damage    Failure   Level
 Apportation              Tloc           74%        N/A       4%          1
 Dazzling Flash           Conj/Hex       100%       N/A       4%          3
 Sandblast                Erth           62%        2d14      5%          1
 Brom's Barrelling Bould  Conj/Erth      57%        2d7       6%          4
 Jinxbite                 Hex            28%        N/A       16%         2
 Passage of Golubria      Tloc           37%        N/A       19%         4
 Call Canine Familiar     Summ           14%        N/A       26%         3
 Sigil of Binding         Hex            14%        N/A       26%         3
 Conjure Ball Lightning   Conj/Air       31%        3x3d10    26%         6
 Dimensional Bullseye     Hex/Tloc       13%        N/A       34%         4
 Alistair's Intoxication  Alch           24%        N/A       41%         5
 Silence                  Hex/Air        16%        N/A       50%         5
 Curse of Agony           Necr           14%        N/A       87%         5
 Discord                  Hex            7%         N/A       100%        8
 Disjunction              Tloc           18%        N/A       100%        8
 Lehudib's Crystal Spear  Conj/Erth      28%        10d8      100%        8


Dungeon Overview and Level Annotations

Branches:
Dungeon (12/15)            Temple (1/1) D:5            Lair (2/5) D:9
    Orc (0/2) D:11
  Swamp: Lair:2-3    Shoals: Lair:2-3     Snake: Lair:2-3    Spider: Lair:2-3

Altars:
Ashenzari
Cheibriados
Dithmenos
Elyvilon
Fedhas
Gozag
Hepliaklqana
Kikubaaqudgha
Makhleb
Nemelex Xobeh
Okawaru
Qazlal
Ru
Sif Muna
Trog
Uskayaw
Vehumet
Wu Jian
Xom
Yredelemnul
Zin
The Shining One

Shops:
D:4 *   D:8 [

Annotations:
D:12 Rupert
Lair:2 exclusion: ice statue


Innate Abilities, Weirdness & Mutations

You regain HP and MP as you explore.


Message History

The blast of energy engulfs the ice dragon!!
The ice dragon is heavily wounded.
You hear an angry growl.
Okay, then.
Casting: Fulminant Prism (dangerous; 5% risk of failure)
Confirm with . or Enter, or press ? or * to list all spells.
Aiming: Stone Arrow (mildly dangerous; 3% risk of failure)
Press: ? - help, Shift-Dir - straight line, f - ice dragon
Aim: an ice dragon (heavily wounded, haloed, 88% to hit)
The stone arrow hits the ice dragon.
The ice dragon is severely wounded.
You feel sick. The ice dragon breathes frost at you.
The blast of cold hits you! You resist.
* * * LOW HITPOINT WARNING * * *
Casting: Stone Arrow (mildly dangerous; 3% risk of failure)
Confirm with . or Enter, or press ? or * to list all spells.
Aiming: Stone Arrow (mildly dangerous; 3% risk of failure)
Press: ? - help, Shift-Dir - straight line, f/p - ice dragon
Aim: an ice dragon (severely wounded, catching its breath, haloed, 88% to hit)
The stone arrow hits the ice dragon!
The ice dragon is severely wounded.
You feel sick.
Casting: Stone Arrow (mildly dangerous; 3% risk of failure)
Confirm with . or Enter, or press ? or * to list all spells.
Aiming: Stone Arrow (mildly dangerous; 3% risk of failure)
Press: ? - help, Shift-Dir - straight line, f/p - ice dragon
Aim: an ice dragon (severely wounded, haloed, 88% to hit)
The stone arrow misses the ice dragon.
You feel sick.
Casting: Stone Arrow (mildly dangerous; 3% risk of failure)
Confirm with . or Enter, or press ? or * to list all spells.
Aiming: Stone Arrow (mildly dangerous; 3% risk of failure)
Press: ? - help, Shift-Dir - straight line, f/p - ice dragon
Aim: an ice dragon (severely wounded, haloed, 88% to hit)
The stone arrow hits the ice dragon!
The ice dragon is almost dead.
Magical energy flows into your mind!
You feel sick. The ice dragon breathes frost at you.
The blast of cold hits you! You resist.
You die...

.#...............##
#...#.##P.##...#..#
....#######...#..##
.......# ##..#..##
#.P.#.#.......##..#
.####...
..###....### #####
.### ...##
##.....###~♣~##
...# P..#
##.##....P~P~##
......#.##
#.##....~~P~~#
...###.
#@P##...P~≈~P# .###
#.###...~~~~♣# .#
#D..#....~♣P# ##
##.###...P♣♣## .
#.†# ###.## ## #..#
### ## ##..##
#.###.#..###
...........##
......~#†...##


You could see an ice dragon (catching breath).

Vanquished Creatures
  A hydra (Lair:2)
  4 two-headed ogres
  A boulder beetle (D:11)
  Pikel (D:7)
  A deep elf pyromancer (D:10)
  2 cyclopes
  4 elephants (Lair:1)
  A black mamba (Lair:2)
  2 gargoyles
  3 cane toads (Lair:1)
  A kobold demonologist (D:11)
  2 rime drakes (Lair:1)
  2 komodo dragons (Lair:2)
  4 polar bears (Lair:2)
  A hornet (D:9)
  7 blink frogs (Lair:1)
  2 slime creatures (D:12)
  4 shadows
  3 vampires
  19 yaks
  3 basilisks
  A wyvern (Lair:2)
  2 vampire mosquitoes (D:11)
  Menkaure (D:4)
  7 water moccasins
  A sky beast (D:6)
  5 orc warriors
  6 ice beasts
  4 ogres
  10 wolves
  13 centaurs
  A lemure (D:6)
  7 bullfrogs
  3 kobold brigands
  4 scorpions (D:5)
  4 wights (D:8)
  12 killer bees
  3 howler monkeys
  3 hounds
  12 orc priests
  Crazy Yiuf (D:5)
  A gnoll bouda (D:3)
  A jelly (D:5)
  2 iguanas
  2 sleepcaps (D:6)
  12 orc wizards
  Ijyb (D:4)
  8 gnolls
  12 adders
  A shadow imp (D:8)
  2 white imps (Lair:2)
  3 dart slugs
  A ribbon worm (D:2)
  44 orcs
  3 ball pythons
  7 endoplasms
  3 giant cockroaches
  5 hobgoblins
  6 jackals
  21 kobolds
  3 quokkas
  14 bats
  7 frilled lizards
  11 goblins
  7 rats
  A spectral orc (D:4)
346 creatures vanquished.

Vanquished Creatures (collateral kills)
  A killer bee (D:11)
1 creature vanquished.

Vanquished Creatures (others)
  97 fulminant prisms
97 creatures vanquished.

Grand Total: 444 creatures vanquished

Notes
Turn   | Place    | Note
-------+----------+-------------------------------------------
     0 | D:1      | ShinQuickMan the Human Conjurer began the quest for the
                  | Orb.
     0 | D:1      | Reached XP level 1. HP: 13/13 MP: 3/3
   159 | D:1      | Reached skill level 1 in Alchemy
   199 | D:1      | Reached XP level 2. HP: 19/19 MP: 0/5
   202 | D:1      | Learned a level 2 spell: Searing Ray
   892 | D:2      | Reached XP level 3. HP: 24/24 MP: 2/6
  1230 | D:2      | Found a white marble altar of Elyvilon.
  1241 | D:2      | Became a worshipper of Elyvilon the Healer
  1604 | D:2      | Reached XP level 4. HP: 25/30 MP: 1/8
  1641 | D:2      | Learned a level 4 spell: Fulminant Prism
  1948 | D:3      | Reached XP level 5. HP: 35/35 MP: 4/9
  2244 | D:3      | Reached * piety under Elyvilon
  3106 | D:4      | Reached XP level 6. HP: 41/41 MP: 4/12
  3111 | D:4      | Learned a level 4 spell: Iskenderun's Mystic Blast
  3133 | D:4      | Reached ** piety under Elyvilon
  3166 | D:4      | Noticed Menkaure
  3170 | D:4      | Killed Menkaure
  3235 | D:4      | Found Paterig's Gadget Gallery.
  3442 | D:4      | Reached XP level 7. HP: 44/46 MP: 4/13
  3734 | D:4      | Found a hazy altar of Hepliaklqana.
  3852 | D:4      | Reached skill level 5 in Conjurations
  4032 | D:4      | Noticed Ijyb
  4039 | D:4      | Killed Ijyb
  4062 | D:4      | Identified the +2 leather armour of the Valley of Death
                  | {Dex+4}
  4179 | D:5      | Entered Level 5 of the Dungeon
  4267 | D:5      | Found a staircase to the Ecumenical Temple.
  4276 | Temple   | Entered the Ecumenical Temple
  4285 | Temple   | Fell from the grace of Elyvilon
  4285 | Temple   | Became a worshipper of the Shining One
  4285 | Temple   | Reached * piety under the Shining One
  4314 | D:5      | Reached skill level 6 in Conjurations
  4331 | D:5      | Reached skill level 1 in Fighting
  4334 | D:5      | Reached XP level 8. HP: 54/54 MP: 5/14
  4539 | D:5      | Found a runed translucent door.
  4540 | D:5      | Noticed Crazy Yiuf
  4546 | D:5      | Killed Crazy Yiuf
  4750 | D:5      | Reached skill level 7 in Conjurations
  5310 | D:5      | Identified the amulet of Xoafraokk {Spirit *Slow Will++
                  | Regen+ rCorr}
  5455 | D:6      | Learned a level 3 spell: Mephitic Cloud
  5615 | D:6      | Reached skill level 5 in Fighting
  5615 | D:6      | Reached skill level 8 in Conjurations
  5615 | D:6      | Reached XP level 9. HP: 68/68 MP: 8/15
  5783 | D:6      | Reached ** piety under the Shining One
  6357 | D:7      | Noticed Pikel
  6530 | D:7      | Reached skill level 9 in Conjurations
  6605 | D:7      | Reached skill level 5 in Spellcasting
  6642 | D:7      | Learned a level 3 spell: Stone Arrow
  6699 | D:7      | Killed Pikel
  6827 | D:7      | Reached XP level 10. HP: 74/74 MP: 11/18
  7061 | D:8      | Found a burning altar of Makhleb.
  7108 | D:8      | Reached skill level 10 in Conjurations
  7147 | D:8      | Found Vipn's Armour Shop.
  7209 | D:8      | Noticed a two-headed ogre
  7216 | D:8      | Killed a two-headed ogre
  7644 | D:9      | Reached skill level 11 in Conjurations
  7664 | D:9      | Reached *** piety under the Shining One
  7739 | D:9      | Noticed a two-headed ogre
  7751 | D:9      | Killed a two-headed ogre
  7787 | D:9      | Reached XP level 11. HP: 76/79 MP: 14/23
  7971 | D:9      | Found a staircase to the Lair.
  8161 | D:9      | Found a snail-covered altar of Cheibriados.
  8170 | D:9      | Reached skill level 12 in Conjurations
  8473 | D:10     | Entered Level 10 of the Dungeon
  8492 | D:10     | Noticed a deep elf pyromancer
  8502 | D:10     | Killed a deep elf pyromancer
  8677 | D:10     | Found an iron altar of Okawaru.
  9368 | D:11     | Noticed a cyclops
  9382 | D:11     | Killed a cyclops
  9484 | D:11     | Identified a scroll of acquirement
  9498 | D:11     | Found a staircase to the Orcish Mines.
  9515 | D:11     | Noticed a two-headed ogre
  9542 | D:11     | Killed a two-headed ogre
  9543 | D:11     | Reached skill level 13 in Conjurations
  9562 | D:11     | Noticed a two-headed ogre
  9616 | D:11     | Reached **** piety under the Shining One
  9617 | D:11     | Reached skill level 10 in Spellcasting
  9617 | D:11     | Reached skill level 1 in Invocations
  9631 | D:11     | Killed a two-headed ogre
  9888 | D:11     | Reached skill level 5 in Invocations
  9888 | D:11     | Reached XP level 12. HP: 86/86 MP: 9/26
 10243 | D:12     | Acquired a manual of Dodging
 10262 | D:12     | Noticed a boulder beetle
 10579 | D:12     | Noticed Rupert
 10580 | D:12     | Paralysed by Rupert for 4 turns
 10622 | D:11     | Killed a boulder beetle
 10722 | Lair:1   | Entered Level 1 of the Lair of Beasts
 10786 | Lair:1   | Reached skill level 1 in Air Magic
 11309 | Lair:1   | Reached skill level 10 in Invocations
 11562 | Lair:2   | Noticed a five-headed hydra
 11567 | Lair:2   | Killed a five-headed hydra
 11579 | Lair:1   | Reached skill level 5 in Air Magic
 11720 | Lair:2   | Reached XP level 13. HP: 91/91 MP: 23/27
 11819 | Lair:2   | Noticed an ice dragon
 11839 | Lair:2   | Killed from afar by an ice dragon

Illustrated notes

Levels and vault maps discovered:
D:1:      zaba_arrival_water, layout_basic, minmay_distorted
D:2:      minmay_razor_zed, layout_loops_ring, basic_altar, minmay_liquid_box,
          minmay_pentomino_u4
D:3:      layout_basic, serial_glass, glass_columns_c, glass_columns_c
D:4:      kennysheep_goblin_castle, layout_basic,
          nicolae_hepliaklqana_monster_ancestors, nicolae_shop_gadgets,
          uniq_menkaure
D:5:      old_forge, layout_layer_cave, minmay_temple_entry_gardened_gates,
          uniq_crazy_yiuf_cottage
D:6:      layout_loops_corners, minmay_crystal_room
D:7:      layout_cave_pools, serial_library_hellmonk_angled_corner,
          hangedman_abyss_or_decor_slice, uniq_pikel
D:8:      layout_basic, bloody_makhleb, serial_shops, shop,
          kennysheep_generic_room_9
D:9:      layout_basic, cheibriados_altar_1, erik_lair_orcish_takeover
D:10:     layout_loops_ring, old_standard_altar
D:11:     layout_loops_ring, orc_0_dummy
D:12:     layout_cave_pools, hellmonk_sif_muna_bookshelves, uniq_rupert
Temple:   regret_index_temple_chain_breaker
Lair:1:   layout_chaotic_city
Lair:2:   gammafunk_indiana_jones, layout_loops_ring, shoals_dummy_entry,
          ice2_lemuel, serial_bayou_shore_b, serial_bayou_shore_b

Skill      XL: |  1  2  3  4  5  6  7  8  9 10 11 12 13 |
---------------+----------------------------------------+-----
Alchemy        | 1 2 3 4 |  4.0
Spellcasting   | 3 4 5 8 10 | 10.0
Translocations | 2 4 |  4.0
Conjurations   | 6 8 9 11 13 | 13.0
Fighting       | 1 5 |  5.0
Earth Magic    | 3 |  3.0
Invocations    | 5 10 11 | 11.0
Air Magic      | 5 6 |  6.3
Dodging        | |  2.0
Stealth        | |  2.0

Action                     |  1- 3 |  4- 6 |  7- 9 | 10-12 | 13-15 || total
---------------------------+-------+-------+-------+-------+-------++-------
  Melee: Spear             |    57 |    26 |     4 |       |       ||    87
         Staff             |       |       |    17 |    21 |       ||    38
         Flail             |       |       |       |    35 |       ||    35
  Throw: Dart              |       |       |       |     4 |       ||     4
   Cast: Magic Dart        |    10 |     3 |       |     1 |       ||    14
         Searing Ray       |    12 |    27 |    50 |    33 |       ||   122
         Fulminant Prism   |       |     6 |    20 |    66 |     5 ||    97
         Iskenderun's Myst |       |       |     6 |    29 |     2 ||    37
         Stone Arrow       |       |       |     7 |    65 |     9 ||    81
         Mephitic Cloud    |       |       |       |     9 |       ||     9
  Evoke: Wand              |       |       |     1 |     2 |       ||     3
    Use: Scroll            |       |       |       |    11 |       ||    11
   Stab: Sleeping          |     6 |     2 |       |       |       ||     8
 Armour: Robe              |    42 |    19 |    29 |   103 |     7 ||   200
  Dodge: Dodged            |    36 |    34 |    59 |   113 |     5 ||   247
  Block: Other             |       |       |       |    35 |       ||    35
         Reflection        |       |       |       |     2 |       ||     2

Table legend: (Time is in decaauts)
 A = Elapsed time spent in this place.
 B = Non-inter-level travel time spent in this place.
 C = Inter-level travel time spent in this place.
 D = Time resting spent in this place.
 E = Time spent auto-exploring this place.
 F = Levels seen in this place.
 G = Mean time per level.
                   A        B        C        D        E       F      G
               +--------+--------+--------+--------+--------+-----+--------+
         Total |  11878 |   8968 |   2910 |    217 |   6031 |  15 |  791.9 |
       Dungeon |  10736 |   8177 |   2559 |    217 |   5614 |  12 |  894.7 |
        Temple |     18 |      2 |     16 |      0 |      0 |   1 |   18.0 |
          Lair |   1123 |    788 |    335 |      0 |    417 |   2 |  561.5 |
               +--------+--------+--------+--------+--------+-----+--------+

Top non-repeatable levels by time:
    D:11: 1273 daAuts
     D:5: 1197 daAuts
     D:4: 1196 daAuts
     D:6: 1071 daAuts
     D:2: 1059 daAuts
     D:3: 1053 daAuts
     D:9: 894 daAuts
     D:1: 884 daAuts
  Lair:1: 870 daAuts
    D:10: 843 daAuts
     D:8: 577 daAuts
     D:7: 570 daAuts
  Lair:2: 253 daAuts
    D:12: 113 daAuts
  Temple: 18 daAuts
